 Dungeon Crawl Stone Soup version 0.30.0-10-gfe55d96785 (webtiles) character file.

Game seed: 18179346797567578245

1145 browni3141 the Poker (level 8, -1/87 HPs)
             Began as an Ogre Cinder Acolyte on May 15, 2023.
             Was an Initiate of the Shining One.
             Slain by a fire elemental (13 damage)
             ... created by the fiery vengeance of Ignis
             ... on level 5 of the Dungeon.
             The game lasted 00:07:41 (6584 turns).

browni3141 the Poker (Ogre Cinder Acolyte)          Turns: 6584, Time: 00:07:42

Health: -1/87      AC:  3    Str: 21    XL:     8   Next: 37%
Magic:  8/14       EV:  9    Int: 15    God:    the Shining One [......]
Gold:   380        SH:  0    Dex:  4    Spells: 7/15 levels left

rFire   . . .        G - +0 trident
rCold   . . .        (no shield)
rNeg    + . .        b - +0 robe
rPois   .            (helmet restricted)
rElec   .            (no cloak)
rCorr   .            (gloves unavailable)
SInv    .            (boots unavailable)
Will    .....        O - amulet of magic regeneration
Stlth   +            g - ring of positive energy
HPRegen 0.34/turn    (no ring)
MPRegen 0.54/turn

%: no passive effects
@: very slightly contaminated, slowed, glowing, fire susceptible, very slow
A: large, unfitting armour, tough skin 1
a: Renounce Religion


You were on level 5 of the Dungeon.
You worshipped the Shining One.
The Shining One was noncommittal.
You visited 2 branches of the dungeon, and saw 9 of its levels.

You collected 380 gold pieces.

Inventory:

Hand Weapons
 a - a -1 spear of flaming
 G - a +0 trident (weapon)
 N - a +0 whip of electrocution
Missiles
 J - 2 atropa-tipped darts
 T - 6 poisoned darts
Armour
 b - a +0 robe (worn)
 U - a scarf of harm
Magical Staves
 S - a staff of earth
Jewellery
 g - a ring of positive energy (left hand)
 F - an amulet of faith
 O - an amulet of magic regeneration (around neck)
 Y - a ring of ice
Wands
 p - a wand of polymorph (4)
 H - a wand of digging (7)
Scrolls
 e - 2 scrolls of blinking
 f - 2 scrolls of immolation
 I - a scroll of enchant weapon
 L - a scroll of teleportation
 M - a scroll of enchant armour
 P - 2 scrolls of torment {unknown}
 R - a scroll of poison {unknown}
 V - a scroll of brand weapon {unknown}
 W - a scroll of fog {unknown}
 X - a scroll of fear {unknown}
Potions
 d - a potion of brilliance {unknown}
 h - 2 potions of haste
 C - a potion of curing
 K - a potion of flight {unknown}
 Q - a potion of heal wounds {unknown}
 Z - a potion of might {unknown}


   Skills:
 + Level 7.1 Fighting
 * Level 7.1 Polearms
 + Level 3.9 Throwing
 - Level 4.0 Spellcasting
 * Level 0.0 Summonings
 - Level 2.6 Fire Magic


You had 7 spell levels left.
You knew the following spells:

 Your Spells              Type           Power      Damage    Failure   Level
a - Call Canine Familiar  Summ           3%         N/A       47%         3
g - Summon Guardian Gole  Hex/Summ       3%         N/A       47%         3
x - Scorch                Fire           22%        2d5       9%          2

Your spell library contained the following spells:

 Spells                   Type           Power      Damage    Failure   Level
 Summon Small Mammal      Summ           12%        N/A       19%         1


Dungeon Overview and Level Annotations

Branches:
Dungeon (8/15)             Temple (1/1) D:4
   Lair: D:8-11

Altars:
Ashenzari
Cheibriados
Dithmenos
Elyvilon
Fedhas
Hepliaklqana
Makhleb
Okawaru
Qazlal
Sif Muna
Trog
Uskayaw
Wu Jian
Yredelemnul
Zin
The Shining One


Innate Abilities, Weirdness & Mutations

You are too large for most types of armour.
You have tough skin. (AC +1)


Message History

There is an open door here.
There is an open door here.
There is an open door here.
There is an open door here.
There is an open door here.
There is an open door here.
An orc and an orc wizard come into view.
The orc shouts!
You hear a shout!
The orc moves out of view.
An orc wizard is nearby!
Flames lash the orc wizard.
The orc wizard is heavily wounded.
The orc wizard's fire resistance burns away.
Flames lash the orc wizard.
The orc wizard is burned terribly!
You kill the orc wizard!
You hear a shout!
An orc comes into view. It is wielding a +0 flail.
An orc comes into view. It is wielding a +0 dagger.
Flames lash the orc.
You kill the orc!
Flames lash the orc.
You kill the orc!
You hit the orc.
The orc is lightly wounded.
The orc hits you with a +0 falchion.
You puncture the orc!
You kill the orc!
No target in view!
No target in view!
This spell is dangerous to cast!
Memorise Call Canine Familiar, consuming 3 spell levels and leaving 10?
You start memorising the spell.
You continue memorising. x3
You finish memorising.
Spell assigned to 'a'.
This spell is dangerous to cast!
Memorise Summon Guardian Golem, consuming 3 spell levels and leaving 7?
You start memorising the spell.
You continue memorising. x3
You finish memorising.
Spell assigned to 'g'.
Items here: )) [[ †.
Items here: )) [[ †.
You now have 380 gold pieces (gained 8).
Done exploring.
Done exploring.
Items here: )) [[ †. "Betrayer!
Apostate!
Perish!" 2 fire elementals come into view.
You can't go down here!
Unknown command.
Casting: Scorch (safe; 9% risk of failure)
Confirm with . or Enter, or press ? or * to list all spells.
You miscast Call Canine Familiar.
You are very lightly contaminated with residual magic.
Nothing appears to happen.
The fire elemental hits you. The fire elemental burns you!
Casting: Call Canine Familiar (dangerous; 47% risk of failure)
Confirm with . or Enter, or press ? or * to list all spells.
The fire elemental hits you. The fire elemental burns you!
The fire elemental hits you. The fire elemental burns you!
You hit the fire elemental.
The fire elemental is lightly damaged.
Your hound closely misses the fire elemental.
The fire elemental hits you. The fire elemental burns you!
Your hound closely misses the fire elemental.
You hit the fire elemental but do no damage.
The fire elemental is lightly damaged.
The fire elemental misses you.
Your hound bites the fire elemental.
The fire elemental closely misses you.
You puncture the fire elemental!
The fire elemental is heavily damaged.
Your hound bites the fire elemental but does no damage.
The fire elemental hits you. The fire elemental burns you!
* * * LOW HITPOINT WARNING * * *
Your hound misses the fire elemental.
The fire elemental closely misses your hound.
Your hound completely misses the fire elemental.
The fire elemental hits your hound. The fire elemental burns your hound!
Your hound barely misses the fire elemental.
You open the door.
Your hound completely misses the fire elemental.
The fire elemental hits your hound. The fire elemental burns your hound!
Your hound dies!
Your hound's corpse disappears in a puff of smoke!
Your magical contamination has completely faded away.
There is an open door here.
Casting: Call Canine Familiar (dangerous; 47% risk of failure)
Confirm with . or Enter, or press ? or * to list all spells.
You miscast Summon Guardian Golem.
You are very lightly contaminated with residual magic.
You feel a bit tired.
You feel yourself slow down. The fire elemental hits you.
The fire elemental burns you!
* * * LOW HITPOINT WARNING * * *
Casting: Summon Guardian Golem (dangerous; 47% risk of failure)
Confirm with . or Enter, or press ? or * to list all spells.
A guardian golem appears, shielding your allies.
The fire elemental barely misses you. The fire elemental hits you.
The fire elemental burns you!
* * * LOW HITPOINT WARNING * * *
The fire elemental hits you.
* * * LOW HITPOINT WARNING * * *
The fire elemental burns you!
You die...

#...##.............#
##..##.....##......#
#..........##.....##
#...#########......#
###########..##.....##.....######
...>.##..##.........#......##....
......'..#.......○§.#............
......#..'......EE9.#............
.##..###########@##○####..[##....
.##..# ##..##..##☼#############
.....# #....#..'.°.☼......#
.....# #<...#..#....°.....#
###..# ##.###.########.########
.##########.###.###..###)###..#..
........#........#......).#......
........#........#........#......
........#........#........#......


You could see 2 fire elementals and a friendly guardian golem (summoned).

Vanquished Creatures
  A wyvern (D:8)
  2 ogres (D:5)
  A centaur (D:6)
  A bullfrog (D:8)
  3 scorpions (D:5)
  A wight (D:8)
  A howler monkey (D:4)
  2 hounds
  An orc priest (D:4)
  3 iguanas
  A sleepcap (D:6)
  3 orc wizards
  5 adders
  A shadow imp (D:5)
  2 white imps
  An ufetubus (D:5)
  2 worms
  5 dart slugs
  10 orcs
  6 ball pythons
  6 endoplasms
  6 giant cockroaches
  2 goblins (D:2)
  6 hobgoblins
  4 jackals
  9 kobolds
  2 quokkas
  4 frilled lizards
  4 rats
95 creatures vanquished.

Vanquished Creatures (others)
  An orc wizard (D:8)
1 creature vanquished.

Grand Total: 96 creatures vanquished

Notes
Turn   | Place    | Note
-------+----------+-------------------------------------------
     0 | D:1      | browni3141 the Ogre Cinder Acolyte began the quest for the
                  | Orb.
     0 | D:1      | Reached XP level 1. HP: 24/24 MP: 2/2
   164 | D:1      | You fall into a shaft and drop 1 floor!
   186 | D:2      | Reached XP level 2. HP: 30/32 MP: 3/3
  1163 | D:2      | Reached XP level 3. HP: 36/40 MP: 4/4
  1909 | D:2      | Learned a level 2 spell: Scorch
  1986 | D:3      | Reached XP level 4. HP: 43/49 MP: 2/6
  2534 | D:3      | Found a shadowy altar of Dithmenos.
  2848 | D:3      | Reached XP level 5. HP: 38/57 MP: 0/8
  3217 | D:4      | Found a glowing silver altar of Zin.
  3278 | D:4      | Found a stormy altar of Qazlal.
  3294 | D:4      | Reached skill level 3 in Spellcasting
  3294 | D:4      | Reached XP level 6. HP: 47/66 MP: 2/10
  3322 | D:4      | Found a snail-covered altar of Cheibriados.
  3490 | D:4      | Found a staircase to the Ecumenical Temple.
  3608 | Temple   | Entered the Ecumenical Temple
  3797 | Temple   | Fell from the grace of Ignis
  3797 | Temple   | Became a worshipper of the Shining One
  4200 | D:5      | Entered Level 5 of the Dungeon
  4451 | D:5      | Reached XP level 7. HP: 52/74 MP: 4/12
  4796 | D:5      | Found a white marble altar of Elyvilon.
  4826 | D:5      | You fall into a shaft and drop 1 floor!
  4842 | D:6      | Reached skill level 6 in Fighting
  5141 | D:6      | You fall into a shaft and drop 2 floors!
  5235 | D:8      | Reached skill level 6 in Polearms
  5294 | D:8      | Noticed a wyvern
  5299 | D:8      | Killed a wyvern
  5300 | D:8      | Reached skill level 3 in Throwing
  5388 | D:8      | Reached XP level 8. HP: 84/84 MP: 12/14
  5414 | D:8      | Found a shimmering blue altar of Sif Muna.
  6549 | D:5      | Learned a level 3 spell: Call Canine Familiar
  6553 | D:5      | Learned a level 3 spell: Summon Guardian Golem
  6584 | D:5      | Slain by a fire elemental

Illustrated notes

Levels and vault maps discovered:
D:1:      dpeg_arrival_signposts, layout_loops_ring, chequers_big_river
D:2:      layout_basic
D:3:      layout_basic, lemuel_round_altar
D:4:      layout_basic, mainiacjoe_overflow_alcove_1,
          mainiacjoe_overflow_catch_the_wave, temple_pool_b
D:5:      layout_gridville, mainiacjoe_overflow_small_starburst
D:6:      layout_basic, minitemple, uniq_eustachio
D:7:      layout_basic, kennysheep_generic_room_9, uniq_joseph
D:8:      layout_basic, mainiacjoe_overflow_cross_hatched,
          nicolae_sif_muna_condensation, hangedman_decor_clover_reticule,
          hangedman_minor_gate_pass
Temple:   jpeg_temple_alley_garden

Skill      XL: |  1  2  3  4  5  6  7  8 |
---------------+-------------------------+-----
Polearms       | 4 5 6 7 |  7.1
Throwing       | 1 2 3 |  3.9
Fighting       | 5 6 7 |  7.1
Spellcasting   | 2 3 4 |  4.0
Fire Magic     | |  2.6

Action                     |  1- 3 |  4- 6 |  7- 9 || total
---------------------------+-------+-------+-------++-------
  Melee: Spear             |   134 |    97 |    37 ||   268
         Punch             |       |     1 |       ||     1
         Trident           |       |       |    22 ||    22
  Throw: Dart              |     1 |       |       ||     1
   Cast: Scorch            |     1 |    30 |    34 ||    65
         Call Canine Famil |       |       |     1 ||     1
         Summon Guardian G |       |       |     1 ||     1
 Invoke: Fiery Armour      |       |     2 |       ||     2
    Use: Scroll            |     1 |       |     6 ||     7
         Potion            |       |       |     1 ||     1
 Armour: Robe              |    34 |    21 |    23 ||    78
  Dodge: Dodged            |    47 |    29 |    39 ||   115
